 Dungeon Crawl Stone Soup version 0.20.0-4-g10b340a (webtiles) character file.

56045 HungrySpirit the Bludgeoner (level 14, -5/96 HPs)
             Began as a Gargoyle Fighter on May 27, 2017.
             Was the Champion of Okawaru.
             Slain by an ettin
             ... wielding a +0 dire flail
              (34 damage)
             ... on level 1 of the Orcish Mines.
             The game lasted 00:44:33 (23165 turns).

HungrySpirit the Bludgeoner (Gargoyle Fighter)     Turns: 23165, Time: 00:44:34

Health: -5/96      AC: 32    Str: 27    XL:     14   Next: 80%
Magic:  19/19      EV:  7    Int:  9    God:    Okawaru [******]
Gold:   1450       SH:  0    Dex:  9    Spells: 13/13 levels left

rFire    . . .     SeeInvis .   U - +4 eveningstar (drain)
rCold    . . .     Gourm    +   (no shield)
rNeg     + . .     Faith    .   y - +2 plate armour {MR+}
rPois    ∞         Spirit   .   e - +0 helmet
rElec    +         Reflect  .   L - +1 cloak {MR+}
rCorr    .         Harm     .   (no gloves)
MR       ++++.                  (no boots)
Stlth    ..........             G - amulet of the gourmand
Regen    0.0/turn               H - ring of protection from magic
MPRegen  0.2/turn               Z - +2 ring of strength

@: no status effects
A: big wings, slimy green scales 2, negative energy resistance 1, electricity
resistance, inhibited regeneration, unbreathing, petrification resistance, rot
immunity, AC +9
a: Fly, Heroism, Finesse, Renounce Religion


You were on level 1 of the Orcish Mines.
You worshipped Okawaru.
Okawaru was exalted by your worship.
You were completely stuffed.

You visited 4 branches of the dungeon, and saw 20 of its levels.
You also visited: Sewer.

You collected 1557 gold pieces.
You spent 107 gold pieces at shops.

Inventory:

Hand Weapons
 U - a +4 eveningstar of draining (weapon)
 W - a +5 great mace of freezing
Armour
 e - a +0 helmet (worn)
 y - a +2 plate armour of magic resistance (worn)
 L - a +1 cloak of magic resistance (worn)
Jewellery
 G - an amulet of the gourmand (around neck)
 H - a ring of protection from magic (left hand)
 Y - the amulet of Qaivopp {Spirit Str+3}
   (You found it on level 3 of the Lair of Beasts)

   [amulet of guardian spirit]

   It causes incoming damage to be split between your health and magic.
   It affects your strength (+3).
 Z - a +2 ring of strength (right hand)
Wands
 X - a wand of digging (11/24)
Scrolls
 a - a scroll of noise
 d - a scroll of torment {unknown}
 g - 6 scrolls of remove curse
 i - a scroll of fog
 l - 7 scrolls of teleportation
 m - 2 scrolls of recharging
 n - 2 scrolls of fear
 q - 2 scrolls of enchant armour
 s - 2 scrolls of enchant weapon
 t - a scroll of immolation
 v - 2 scrolls of magic mapping
 w - 8 scrolls of identify
 x - 5 scrolls of amnesia
Potions
 b - 2 potions of berserk rage {unknown}
 h - 2 potions of lignification {unknown}
 k - 2 potions of agility
 p - 3 potions of brilliance
 u - 6 potions of flight
 z - a potion of invisibility {unknown}
 A - 9 potions of curing
 C - a potion of degeneration {unknown}
 D - 4 potions of heal wounds
 E - 2 potions of magic {unknown}
 O - a potion of cancellation {unknown}
Comestibles
 f - 13 bread rations
 B - 12 meat rations
 F - 3 royal jellies
 N - 4 fruits


   Skills:
 + Level 14.5 Fighting
 * Level 18.4 Maces & Flails
 + Level 8.1 Armour
   Level 3.2 Shields
 + Level 7.1 Invocations


You had 13 spell levels left.
You didn't know any spells.

Dungeon Overview and Level Annotations

Branches:
Dungeon (12/15)            Temple (1/1) D:6            Lair (6/6) D:10
  Swamp (0/4) Lair:3        Snake (0/4) Lair:2        Slime (0/5) Lair:6
    Orc (1/2) D:11

Altars:
Ashenzari
Cheibriados
Dithmenos
Elyvilon
Fedhas
Gozag
Hepliaklqana
Kikubaaqudgha
Makhleb
Nemelex Xobeh
Okawaru
Qazlal
Ru
Sif Muna
Trog
Uskayaw
Vehumet
Xom
Yredelemnul
Zin
The Shining One
Jiyva

Shops:
D:5 *}   D:11 :

Annotations:
D:6 Dowan, Duvessa
Lair:1 exclusion: oklob plant


Innate Abilities, Weirdness & Mutations

You are resistant to torment.
Your stone body is resilient. (AC +9)
You are immune to poison.
Your large and strong wings let you fly indefinitely.
You resist negative energy. (rN+)
You are resistant to electric shocks. (rElec)
You can survive without breathing.
You are immune to petrification.
You are immune to rotting.
You are mostly covered in slimy green scales. (AC +3)
You do not regenerate when monsters are visible.


Message History

The orc warrior hits you with a battleaxe!
You climb upwards.
Welcome back to the Dungeon!
There is a staircase to the Orcish Mines here.
No target in view!
You start resting.
Eating a chunk of flesh.
You eat the chunk of flesh.
This raw flesh tastes great.
HP restored.
You climb downwards.
Welcome back to the Orcish Mines!
The orc warrior barely misses you.
There is a staircase back to the Dungeon here.
You hit the ettin.
The ettin is lightly wounded.
The ettin hits you with a dire flail!! x2
The orc warrior hits you but does no damage.
Unknown command.
You stick the ettin like a pincushion!!!
The ettin is severely wounded.
The ettin hits you with a dire flail! The ettin hits you with a dire flail!!
You die...

.......
##.......
#....o...
##.....#..
.........
#........
##........
##C#....#..
#@[....#.#
##o##.....
### ..#.#
.## # #


You could see an ettin, an orc warrior and an orc priest.

Vanquished Creatures
  Gastronok (D:10)
  The ghost of Lochraine the Bringer of Life, an adept HaAM of Elyvilon (Lair:4)
  Josephine (D:9)
  Erolcha (D:11)
  2 hydras
  Harold (D:10)
  A catoblepas (Lair:2)
  2 two-headed ogres (D:11)
  3 death yaks (Lair:5)
  Nergalle (D:12)
  2 unseen horrors (D:12)
  Pikel (D:6)
  An orc sorcerer (Orc:1)
  An ugly thing (D:11)
  Maurice (D:9)
  4 black mambas
  Psyche (D:9)
  A guardian serpent (Lair:2)
  A centaur skeleton (D:12)
  27 spiny frogs
  6 komodo dragons
  The ghost of nikopol the Shield-Bearer, a novice GrFi (D:4)
  2 rime drakes
  A polar bear (Lair:3)
  6 trolls
  4 tyrant leeches (Lair:6)
  A merfolk (D:9)
  22 blink frogs
  6 hippogriffs
  7 dream sheep (Lair:4)
  A shadow (D:12)
  6 wraiths
  12 yaks
  2 wyverns
  A basilisk (Lair:6)
  A steam dragon (Lair:1)
  2 hungry ghosts
  Menkaure (D:5)
  8 vampire mosquitoes
  9 swamp worms
  A warg (D:11)
  A soldier ant (D:11)
  A naga (Lair:2)
  14 water moccasins
  An acid dragon (D:12)
  6 porcupines
  4 ice beasts
  4 slaves (D:6)
  8 orc warriors
  2 black bears
  2 necrophages (D:8)
  6 ogres
  5 sky beasts
  23 wolves
  17 crocodiles
  11 centaurs
  An elf zombie (D:7)
  4 big kobolds
  Blork the orc (D:6)
  A gnoll sergeant (D:9)
  29 bullfrogs
  An elf skeleton (D:7)
  A wyvern skeleton (D:10)
  A wyvern zombie (D:10)
  3 scorpions
  21 killer bees
  23 wights
  2 vampire bats (D:2)
  11 electric eels
  2 howler monkeys (D:10)
  11 crimson imps
  A quasit (D:6)
  A bullfrog zombie (D:10)
  5 hounds
  4 jellies
  A gnoll shaman (D:4)
  2 human zombies (D:7)
  8 orc priests
  Crazy Yiuf (D:2)
  2 bullfrog skeletons
  2 iguanas
  6 worker ants
  Terence (D:2)
  A human skeleton (D:7)
  13 orc wizards
  A hound zombie (D:10)
  A howler monkey zombie (D:6)
  9 gnolls
  10 adders
  3 river rats
  A shadow imp (D:11)
  An ooze (D:1)
  5 adder skeletons
  An adder zombie (D:6)
  16 worms
  11 leopard geckos
  58 orcs
  2 bat skeletons (D:2)
  4 bat zombies (D:2)
  7 giant cockroaches
  7 goblins
  9 hobgoblins
  23 jackals
  11 bats
  4 frilled lizards
  A jackal zombie (D:8)
  27 kobolds
  An orc zombie (D:7)
  14 rats
  A plant (Lair:6)
647 creatures vanquished.

Vanquished Creatures (others)
  5 dream sheep (D:9)
  An orc wizard (D:6)
  A goblin (D:10)
  17 fungi
  27 plants
51 creatures vanquished.

Grand Total: 698 creatures vanquished

Notes
Turn   | Place    | Note
-------+----------+-------------------------------------------
     0 | D:1      | HungrySpirit the Gargoyle Fighter began the quest for the Orb.
     0 | D:1      | Reached XP level 1. HP: 14/14 MP: 1/1
     5 | D:1      | Upgraded the game from 0.20.0-1-g1cb1d84 to 0.20.0-4-g10b340a
     7 | D:1      | Noticed a centaur
     7 | D:1      | Noticed a minotaur
     9 | D:1      | Noticed a demonspawn
     9 | D:1      | Noticed a vine stalker
    11 | D:1      | Noticed a tengu
    11 | D:1      | Noticed an elf
    13 | D:1      | Noticed a halfling
    13 | D:1      | Noticed an octopode
    15 | D:1      | Noticed an ogre
    15 | D:1      | Noticed a spriggan
    17 | D:1      | Noticed a vampire
    17 | D:1      | Noticed a troll
    19 | D:1      | Noticed a demigod
    19 | D:1      | Noticed a gargoyle
    21 | D:1      | Noticed a formicid
    25 | D:1      | Noticed a dwarf
    27 | D:1      | Noticed a naga
    27 | D:1      | Noticed a felid
    29 | D:1      | Noticed a merfolk
    29 | D:1      | Noticed a ghoul
    31 | D:1      | Noticed a human
    31 | D:1      | Noticed a draconian
   214 | D:1      | Reached XP level 2. HP: 17/19 MP: 2/2
   233 | D:1      | Reached skill level 3 in Maces & Flails
   506 | D:1      | Reached XP level 3. HP: 23/23 MP: 3/3
  1133 | D:2      | Noticed Terence
  1145 | D:2      | Killed Terence
  1145 | D:2      | Reached skill level 4 in Maces & Flails
  1145 | D:2      | Reached XP level 4. HP: 7/28 MP: 4/4
  1398 | D:2      | Found an ancient bone altar of Kikubaaqudgha.
  1406 | D:2      | Reached skill level 5 in Maces & Flails
  1421 | D:2      | Reached XP level 5. HP: 27/32 MP: 5/5
  1708 | D:2      | Found a runed door.
  1843 | D:2      | Noticed Crazy Yiuf
  1845 | D:2      | Gained mutation: Your body sometimes deteriorates upon taking damage. [potion of mutation]
  1845 | D:2      | Gained mutation: You are dopey. (Int -2) [potion of mutation]
  1845 | D:2      | Gained mutation: You have supernaturally acute eyesight. (SInv) [potion of mutation]
  1848 | D:2      | Killed Crazy Yiuf
  1989 | D:2      | Reached skill level 6 in Maces & Flails
  2105 | D:2      | Reached XP level 6. HP: 22/37 MP: 6/6
  2331 | D:3      | Found a sacrificial altar of Ru.
  2369 | D:3      | Lost mutation: You have supernaturally acute eyesight. (SInv) [potion of mutation]
  2369 | D:3      | Lost mutation: Your body sometimes deteriorates upon taking damage. [potion of mutation]
  2369 | D:3      | Lost mutation: You are dopey. (Int -2) [potion of mutation]
  2369 | D:3      | Gained mutation: You do not regenerate when monsters are visible. [potion of mutation]
  2369 | D:3      | Gained mutation: You are dopey. (Int -2) [potion of mutation]
  2369 | D:3      | Gained mutation: You possess an exceptional clarity of mind. [potion of mutation]
  2628 | D:3      | Found a sparkling altar of Nemelex Xobeh.
  3019 | D:4      | Found a glowing silver altar of Zin.
  3098 | D:4      | Noticed nikopol's ghost (novice GrFi)
  3108 | D:5      | Entered Level 5 of the Dungeon
  3108 | D:5      | Noticed Menkaure
  3124 | D:5      | Killed Menkaure
  3124 | D:5      | Reached skill level 7 in Maces & Flails
  3124 | D:5      | Reached XP level 7. HP: 30/42 MP: 7/7
  3266 | D:4      | Killed nikopol's ghost
  3266 | D:4      | Reached skill level 8 in Maces & Flails
  3570 | D:4      | Reached XP level 8. HP: 40/48 MP: 8/8
  3766 | D:4      | Reached skill level 5 in Fighting
  4148 | D:5      | Gained mutation: You are partially covered in slimy green scales. (AC +2) [mutagenic meat]
  4149 | D:5      | Gained mutation: Scrolls take you a little longer to read. [mutagenic meat]
  4150 | D:5      | Gained mutation: Your spells are a little easier to cast, but a little less powerful. [mutagenic meat]
  4338 | D:5      | Found a glowing golden altar of the Shining One.
  4659 | D:5      | Reached skill level 9 in Maces & Flails
  4667 | D:5      | Found Duas's Gadget Emporium.
  4866 | D:5      | Found Qetack's Assorted Antiques.
  4874 | D:5      | Bought an amethyst potion for 26 gold pieces
  4874 | D:5      | Bought a scroll labeled ITEUPERPHAG for 29 gold pieces
  4874 | D:5      | Bought a black potion for 26 gold pieces
  4874 | D:5      | Bought a fuming orange potion for 26 gold pieces
  5104 | D:6      | Noticed Duvessa
  5105 | D:6      | Noticed Dowan
  5635 | D:6      | Found a glowing drain.
  5641 | Sewer    | Entered a sewer
  5647 | Sewer    | Reached skill level 10 in Maces & Flails
  5730 | Sewer    | Reached XP level 9. HP: 56/56 MP: 9/9
  5757 | Sewer    | Found a white marble altar of Elyvilon.
  6132 | D:6      | Noticed Pikel
  6154 | D:6      | Killed Pikel
  6154 | D:6      | Reached skill level 11 in Maces & Flails
  6414 | D:6      | Found a staircase to the Ecumenical Temple.
  6414 | D:6      | Noticed Blork the orc
  6427 | D:6      | Killed Blork the orc
  6440 | Temple   | Entered the Ecumenical Temple
  7104 | D:7      | Reached XP level 10. HP: 64/64 MP: 10/10
  7326 | D:7      | Reached skill level 12 in Maces & Flails
  8086 | D:8      | Found a stormy altar of Qazlal.
  8869 | D:9      | Noticed Maurice
  8903 | D:9      | Killed Maurice
  8903 | D:9      | Reached skill level 13 in Maces & Flails
  9073 | D:9      | Found a shattered altar of Ashenzari.
  9077 | D:9      | Found a bloodstained altar of Trog.
  9082 | D:9      | Found a white marble altar of Elyvilon.
  9100 | D:9      | Found an iron altar of Okawaru.
  9100 | D:9      | Found a hazy altar of Hepliaklqana.
  9116 | D:9      | Became a worshipper of Warmaster Okawaru
  9322 | D:9      | Found a shimmering altar of Xom.
  9364 | D:9      | Noticed Psyche
  9386 | D:9      | Killed Psyche
  9386 | D:9      | Reached skill level 10 in Fighting
  9431 | D:9      | Found a blossoming altar of Fedhas.
  9776 | D:10     | Entered Level 10 of the Dungeon
  9785 | D:9      | Reached XP level 11. HP: 58/72 MP: 11/11
  9882 | D:10     | Found a flagged portal.
  9884 | D:10     | Noticed Josephine
 10117 | D:9      | Reached * piety under Okawaru
 10224 | D:9      | Killed Josephine
 10381 | D:9      | Reached skill level 14 in Maces & Flails
 10387 | D:9      | Reached ** piety under Okawaru
 10834 | D:10     | Noticed Gastronok
 10936 | D:9      | Reached *** piety under Okawaru
 11154 | D:10     | Killed Gastronok
 11154 | D:10     | Reached **** piety under Okawaru
 11222 | D:10     | Reached skill level 15 in Maces & Flails
 11366 | D:10     | Found a staircase to the Lair.
 11661 | D:10     | Noticed Harold
 11683 | D:10     | Killed Harold
 11683 | D:10     | Reached XP level 12. HP: 26/80 MP: 12/12
 11972 | D:10     | Reached ***** piety under Okawaru
 11977 | D:10     | Lost mutation: You are dopey. (Int -2) [mutagenic meat]
 11978 | D:10     | Lost mutation: Your spells are a little easier to cast, but a little less powerful. [mutagenic meat]
 11979 | D:10     | Lost mutation: Scrolls take you a little longer to read. [mutagenic meat]
 12225 | D:10     | Found an opulent altar of Gozag.
 12507 | D:11     | Noticed a two-headed ogre
 12520 | D:11     | Killed a two-headed ogre
 12756 | D:11     | Noticed a two-headed ogre
 12774 | D:11     | Killed a two-headed ogre
 12964 | D:11     | Found a staircase to the Orcish Mines.
 13004 | D:11     | Reached skill level 16 in Maces & Flails
 13115 | D:11     | Noticed Erolcha
 13122 | D:11     | Killed Erolcha
 13256 | D:11     | Found Gaeh's Book Boutique.
 13781 | D:12     | Received a gift from Okawaru
 14012 | D:12     | Noticed Nergalle
 14032 | D:12     | Killed Nergalle
 14119 | D:12     | Found a sparkling altar of Nemelex Xobeh.
 14507 | Lair:1   | Entered Level 1 of the Lair of Beasts
 14766 | Lair:1   | Reached skill level 1 in Invocations
 14780 | Lair:1   | Reached XP level 13. HP: 55/88 MP: 13/13
 15208 | Lair:1   | Received a gift from Okawaru
 15347 | Lair:1   | Reached skill level 17 in Maces & Flails
 16182 | Lair:2   | Reached skill level 5 in Armour
 16189 | Lair:2   | Found a staircase to the Snake Pit.
 16607 | Lair:2   | Reached ****** piety under Okawaru
 16979 | Lair:3   | Received a gift from Okawaru
 17218 | Lair:3   | Found a staircase to the Swamp.
 17420 | Lair:3   | Got a clouded pewter amulet
 17466 | Lair:3   | Identified the amulet of Qaivopp {Spirit Str+3} (You found it on level 3 of the Lair of Beasts)
 18051 | Lair:4   | Reached skill level 5 in Invocations
 18382 | Lair:4   | Noticed Lochraine's ghost (adept HaAM)
 18435 | Lair:4   | Killed Lochraine's ghost
 19035 | Lair:5   | Received a gift from Okawaru
 19036 | Lair:5   | Gained mutation: Your large and strong wings let you fly indefinitely. [Gargoyle growth]
 19036 | Lair:5   | Reached XP level 14. HP: 95/95 MP: 17/17
 19642 | Lair:6   | Entered Level 6 of the Lair of Beasts
 20190 | Lair:5   | Reached skill level 18 in Maces & Flails
 21453 | Lair:6   | Received a gift from Okawaru
 21893 | Lair:6   | Found a viscous altar of Jiyva.
 21894 | Lair:6   | Found a staircase to the Slime Pits.
 22447 | Lair:2   | Gained mutation: You are mostly covered in slimy green scales. (AC +3) [mutagenic meat]
 22450 | Lair:2   | Lost mutation: You possess an exceptional clarity of mind. [mutagenic meat]
 22451 | Lair:2   | Gained mutation: Your spells are a little harder to cast, but a little more powerful. [mutagenic meat]
 22452 | Lair:2   | Lost mutation: Your spells are a little harder to cast, but a little more powerful. [mutagenic meat]
 23049 | Orc:1    | Entered Level 1 of the Orcish Mines
 23165 | Orc:1    | Slain by an ettin

Skill      XL: |  1  2  3  4  5  6  7  8  9 10 11 12 13 14 |
---------------+-------------------------------------------+-----
Maces & Flails | 3 4 5 6 7 8 10 11 13 15 16 17 18 | 18.4
Fighting       | 4 6 8 10 11 13 14 | 14.5
Invocations    | 1 5 7 |  7.1
Armour         | 6 8 |  8.1
Shields        | |  3.2

Action                   |  1- 3 |  4- 6 |  7- 9 | 10-12 | 13-15 || total
-------------------------+-------+-------+-------+-------+-------++-------
Melee: Flail             |   113 |   184 |   347 |       |       ||   644
       Dire flail        |       |       |   126 |  1077 |    55 ||  1258
       Eveningstar       |       |       |       |       |   772 ||   772
       Great mace        |       |       |       |       |     5 ||     5
       Punch             |       |       |       |       |     1 ||     1
Invok: Heroism           |       |       |       |     3 |     1 ||     4
 Abil: Fly               |       |       |       |       |     2 ||     2
       Stop Flying       |       |       |       |       |     2 ||     2
Evoke: Wand              |       |       |       |     1 |     1 ||     2
  Use: Potion            |     1 |     3 |     1 |     1 |       ||     6
       Scroll            |       |       |     4 |     7 |    19 ||    30
 Stab: Petrified         |       |       |       |       |     3 ||     3
  Eat: Chunk             |     1 |     6 |    14 |    46 |    37 ||   104
       Royal jelly       |       |       |     1 |       |       ||     1
       Meat ration       |       |       |     1 |       |       ||     1
Armor: Scale mail        |   108 |   153 |    55 |       |       ||   316
       Plate armour      |       |       |   208 |   705 |   658 ||  1571
Dodge: Dodged            |    88 |   147 |   132 |   272 |   223 ||   862
